 Dungeon Crawl Stone Soup version 0.24-a0-500-g46574c2 (webtiles) character file.

Game seed: 15162950903395482825

91 Espgualade the Chiller (level 4, -1/24 HPs)
             Began as a Tengu Ice Elementalist on July 14, 2019.
             Shot with a stone by a goblin (3 damage)
             ... led by Robin
             ... on level 2 of the Dungeon.
             The game lasted 00:04:12 (2564 turns).

Espgualade the Chiller (Tengu Ice Elementalist)     Turns: 2564, Time: 00:04:12

Health: -1/24      AC:  4    Str:  9    XL:     4   Next: 57%
Magic:  1/8        EV: 12    Int: 16    God:
Gold:   58         SH:  0    Dex: 14    Spells: 4/7 levels left

rFire    + . .     SeeInvis .   e - +0 falchion
rCold    + . .     Gourm    .   (no shield)
rNeg     . . .     Faith    .   a - +2 robe
rPois    .         Spirit   .   (helmet restricted)
rElec    .         Reflect  .   l - scarf {rC+ rF+}
rCorr    .         Harm     .   (no gloves)
MR       .....                  (boots unavailable)
Stlth    ++........             (no amulet)
HPRegen  0.08/turn              (no ring)
MPRegen  0.11/turn              (no ring)

@: no status effects
A: beak, talons 3
a: no special abilities


You were on level 2 of the Dungeon.
You were not hungry.

You visited 1 branch of the dungeon, and saw 2 of its levels.

You collected 58 gold pieces.

Inventory:

Hand Weapons
 e - a +0 falchion (weapon)
 j - a +1 dagger of speed
Armour
 a - a +2 robe (worn)
 l - a scarf of resistance (worn)
Scrolls
 d - a scroll of identify
 f - 2 scrolls of fog
 g - 2 scrolls of teleportation
 h - a scroll of immolation {unknown}
 m - a scroll of blinking {unknown}
 o - a scroll of enchant armour
Potions
 b - a potion of curing {unknown}
 i - a potion of agility
 k - a potion of haste
 n - a potion of lignification
Comestibles
 c - 3 rations
 p - a chunk of flesh


   Skills:
 - Level 2.1 Dodging
 - Level 2.0 Stealth
 - Level 2.0 Spellcasting
 - Level 1.3 Conjurations
 + Level 4.7 Ice Magic


You had 4 spell levels left.
You knew the following spells:

 Your Spells              Type           Power        Failure   Level  Hunger
a - Freeze                Ice            ###.         3%          1    #......
b - Throw Frost           Conj/Ice       ##....       9%          2    ###....

Your spell library contained the following spells:

 Spells                   Type           Power        Failure   Level  Hunger
 Ozocubu's Armour         Chrm/Ice       #.......     24%         3    ###....
 Throw Icicle             Conj/Ice       ##......     52%         4    #####..
 Summon Ice Beast         Ice/Summ       #.......     61%         4    #####..


Dungeon Overview and Level Annotations

Branches:
Dungeon (2/15)

Altars:
Okawaru


Innate Abilities, Weirdness & Mutations

You have a beak for a mouth.
You have claws for feet.


Message History

Press: ? - help, Shift-Dir - straight line, f/p - hobgoblin
Aim: a hobgoblin, wielding a -2 club (heavily wounded)
You freeze the hobgoblin.
You kill the hobgoblin!
The rat bites you.
* * * LOW HITPOINT WARNING * * *
Casting: Freeze (safe; 3% risk of failure)
Confirm with . or Enter, or press ? or * to list all spells.
You don't have enough magic to cast that spell.
You hit the rat. You peck the rat, but do no damage.
The rat is heavily wounded.
The goblin unwields a +0 hunting sling.
The goblin wields a +0 club.
The goblin hits you with a +0 club.
* * * LOW HITPOINT WARNING * * *
The rat closely misses you.
You riposte.
You barely miss the rat. You claw the rat.
You kill the rat!
The goblin unwields a +0 club.
The goblin wields a +0 hunting sling.
The goblin shoots a stone.
The stone hits you.
You die...

#...........##.##.## .#.#
###.........##.##... ...#
..........>#
#.##.######...#
###........###....##......#
............#.....(.......#
......................#..##
...........#.....†g..##..#
....##...........<)......#
.)..##..........@)....##.#
###.##..###..((#.##......#
# #.#..###..†............#
###....##....(#.......#.##
..........##..##.........#
.......##.###.........#...
.).....#......##........#
..........##.###........
.......#.....# #........


You could see a goblin.

Vanquished Creatures
  Robin (D:1)
  2 adders
  A worm (D:1)
  A dart slug (D:1)
  A leopard gecko (D:2)
  4 bats
  5 giant cockroaches
  13 goblins
  9 hobgoblins
  4 jackals (D:1)
  A quokka (D:2)
  A frilled lizard (D:2)
  3 kobolds
  2 rats
48 creatures vanquished.

Notes
Turn   | Place    | Note
-------+----------+-------------------------------------------
     0 | D:1      | Espgualade the Tengu Ice Elementalist began the quest for
                  | the Orb.
     0 | D:1      | Reached XP level 1. HP: 10/10 MP: 4/4
    59 | D:1      | Found an iron altar of Okawaru.
   184 | D:1      | Reached skill level 3 in Ice Magic
   241 | D:1      | Reached XP level 2. HP: 15/15 MP: 6/6
  1136 | D:1      | Learned a level 2 spell: Throw Frost
  1152 | D:1      | Reached XP level 3. HP: 14/19 MP: 4/7
  1242 | D:1      | HP: 1/28 [worm (4)]
  1253 | D:1      | Reached skill level 4 in Ice Magic
  2008 | D:2      | Reached XP level 4. HP: 12/24 MP: 8/8
  2461 | D:2      | Noticed Robin
  2485 | D:1      | Killed Robin
  2564 | D:2      | Shot with a stone by a goblin

Levels and vault maps discovered:
D:1:      minmay_arrival_arboretum_small, layout_basic,
          okawaru_ov_weapons_minmay
D:2:      layout_rooms, minmay_tetromino_l2, uniq_robin

Skill      XL: |  1  2  3 |
---------------+----------+-----
Ice Magic      | 3 4 |  4.7
Dodging        | |  2.1
Stealth        | |  2.0
Spellcasting   | |  2.0
Conjurations   | |  1.3

Action                   |  1- 3 |  4- 6 || total
-------------------------+-------+-------++-------
Melee: Unarmed           |    12 |       ||    12
       Kick              |    13 |     3 ||    16
       Peck              |    11 |     2 ||    13
       Falchion          |    37 |    21 ||    58
 Cast: Freeze            |    23 |    20 ||    43
  Use: Scroll            |     5 |       ||     5
       Potion            |     3 |       ||     3
 Stab: Sleeping          |     2 |       ||     2
  Eat: Chunk             |     3 |     3 ||     6
Armor: Robe              |    21 |     8 ||    29
       Skin              |    13 |       ||    13
Dodge: Dodged            |    76 |    33 ||   109
       Rpst.: Falchion   |    19 |    12 ||    31

Table legend:
 A = Non-vault XP
 B = Vault XP
 C = Vault XP percentage of total XP
 D = Non-vault monster count
 E = Vault monster count
 F = Vault count percentage of total count
                 A         B        C        D         E       F
            +---------+---------+-------+---------+---------+-------
      Total |      97 |      33 |  25.4 |      38 |      10 |  20.8
            +---------+---------+-------+---------+---------+-------
        D:1 |      56 |      15 |  21.1 |      21 |       1 |   4.5
        D:2 |      41 |      18 |  30.5 |      17 |       9 |  34.6
            +---------+---------+-------+---------+---------+-------
